 Dungeon Crawl Stone Soup version 0.32-a0-361-g289a535e89 (webtiles) character file.

Game seed: 3871036265226491674

5324 ragingrage the Slicer (level 10, -12/78 HPs)
             Began as a Demigod Brigand on Feb 18, 2024.
             Mangled by a skeletal warrior
             ... wielding a +0 scimitar
              (26 damage)
             ... on level 9 of the Dungeon.
             The game lasted 00:14:52 (9662 turns).

ragingrage the Slicer (Demigod Brigand)             Turns: 9662, Time: 00:14:53

Health: -12/78     AC:  6    Str: 12    XL:     10   Next: 15%
Magic:  14/14      EV: 14    Int: 21    God:
Gold:   345        SH:  5    Dex: 19    Spells: 2/11 levels left

rFire   + . .        a - +0 dagger (elec)
rCold   + . .        L - orb {guile}
rNeg    . . .        p - +1 robe {rF+}
rPois   .            K - +0 helmet
rElec   .            c - +0 cloak
rCorr   +            F - +0 pair of gloves
SInv    .            (no boots)
Will    .....        w - amulet of reflection
Stlth   +++          u - ring of resist corrosion
HPRegen 0.33/turn    x - ring of protection from cold
MPRegen 0.14/turn

%: reflection
@: brilliant
A: high MP 1, forlorn, divine attributes
a: no special abilities


You were on level 9 of the Dungeon.
You visited 1 branch of the dungeon, and saw 9 of its levels.

You collected 345 gold pieces.

Inventory:

Hand Weapons
 a - a +0 dagger of electrocution (weapon)
 b - a +0 short sword of draining
 m - a +3 short sword
 z - a +0 falchion
 G - a +0 orcbow
 H - a +2 dagger
Missiles
 d - 8 poisoned darts (quivered)
 e - 3 curare-tipped darts
Armour
 c - a +0 cloak (worn)
 p - a +1 robe of fire resistance (worn)
 F - a +0 pair of gloves (worn)
 K - a +0 helmet (worn)
 L - an orb of guile (worn)
 O - a +2 robe of positive energy
 P - +0 steam dragon scales
Jewellery
 u - a ring of resist corrosion (left hand)
 w - an amulet of reflection (around neck)
 x - a ring of protection from cold (right hand)
Talismans
 o - a blade talisman
Wands
 q - a wand of acid (5)
 B - a wand of flame (3)
 E - a wand of polymorph (10)
 N - a wand of paralysis (12)
Scrolls
 i - 2 scrolls of poison {unknown}
 k - a scroll of fear {unknown}
 l - 2 scrolls of enchant armour {unknown}
 n - 3 scrolls of teleportation {unknown}
 r - 5 scrolls of identify {unknown}
 s - 2 scrolls of immolation {unknown}
 y - a scroll of blinking {unknown}
 D - a scroll of silence {unknown}
 I - a scroll of torment {unknown}
 M - a scroll of noise {unknown}
Potions
 f - 3 potions of brilliance
 g - 3 potions of curing
 h - a potion of degeneration {unknown}
 j - 2 potions of heal wounds {unknown}
 t - 4 potions of lignification {unknown}
 v - a potion of mutation {unknown}
 A - 2 potions of magic {unknown}
 C - 2 potions of ambrosia {unknown}
 J - 2 potions of invisibility {unknown}


   Skills:
 - Level 4.0 Fighting
 - Level 10.0 Short Blades
 - Level 1.7 Throwing
 + Level 3.5 Dodging
 - Level 5.0 Stealth
 - Level 1.0 Spellcasting
 + Level 5.2 Hexes
 - Level 4.0 Ice Magic
 - Level 4.0 Earth Magic
 + Level 1.3 Alchemy


You had 2 spell levels left.
You knew the following spells:

 Your Spells              Type           Power      Damage    Failure   Level
a - Ensorcelled Hibernat  Hex/Ice        60%        N/A       3%          2
b - Passwall              Erth           26%        N/A       10%         3
c - Olgreb's Toxic Radia  Alch           10%        N/A       67%         4

Your spell library contained the following spells:

 Spells                   Type           Power      Damage    Failure   Level
 Jinxbite                 Hex            68%        N/A       2%          2
 Sting                    Conj/Alch      20%        1d4       12%         1
 Mercury Vapours          Alch/Air       10%        N/A       19%         2
 Cigotuvi's Dreadful Rot  Necr/Alch/Air  8%         N/A       21%         2
 Blink                    Tloc           2%         N/A       24%         2
 Lesser Beckoning         Tloc           2%         N/A       24%         2
 Momentum Strike          Conj/Tloc      2%         3d8       24%         2
 Gell's Gravitas          Tloc           1%         N/A       43%         3
 Swiftness                Air            1%         N/A       43%         3
 Teleport Other           Tloc           1%         N/A       43%         3
 Yara's Violent Unravell  Hex/Alch       11%        3d6       75%         5
 Animate Dead             Necr           1%         N/A       85%         4
 Dispel Undead            Necr           1%         3d6       85%         4
 Martyr's Knell           Necr/Summ      1%         N/A       85%         4
 Death Channel            Necr           0%         N/A       100%        6
 Enfeeble                 Hex            17%        N/A       100%        7
 Haunt                    Necr/Summ      0%         N/A       100%        7
 Infestation              Necr           0%         N/A       100%        8


Dungeon Overview and Level Annotations

Branches:
Dungeon (9/15)             Temple (0/1) D:5
   Lair: D:8-11         Orc: D:9-12

Shops:
D:2 (

Annotations:
D:6 2 runed translucent doors, Gryn's ghost, novice MDFi
D:7 3 runed translucent doors, exclusion: wight, Oneirical's ghost, novice FeWr
D:8 exclusion: downstairs, Maurice


Innate Abilities, Weirdness & Mutations

You have an increased reservoir of magic. (+10% MP)
You shall have no god before yourself.
Your divine heritage dramatically boosts your attributes as you level up.


Message History

The skeletal warrior is engulfed in blazing flames.
The skeletal warrior closely misses you.
Aiming: Paralyse
Press: ? - help, Shift-Dir - straight line, f/p - skeletal warrior
Aim: a skeletal warrior, wielding a +0 trident (flame, moderately damaged, chance to affect: 49%)
The skeletal warrior suddenly stops moving!
The skeletal warrior is engulfed in blazing flames.
The skeletal warrior barely misses you.
The skeletal warrior is engulfed in blazing flames. x2
The helpless skeletal warrior fails to defend itself.
You perforate the skeletal warrior like a sieve!!!
You destroy the skeletal warrior!
The skeletal warrior throws a boomerang.
The boomerang hits you!
The skeletal warrior is engulfed in blazing flames.
The skeletal warrior hits you from afar with a +0 trident!!
Your Alchemy skill increases to level 1!
Okay, then.
It was a potion of brilliance.
You feel clever all of a sudden.
The skeletal warrior is engulfed in blazing flames.
The skeletal warrior closely misses you.
The skeletal warrior is engulfed in blazing flames.
It was a potion of curing.
You feel better.
The skeletal warrior is engulfed in blazing flames.
The skeletal warrior hits you with a +0 scimitar!!
The skeletal warrior is engulfed in blazing flames.
The skeletal warrior closely misses you.
Aiming: Paralyse
Press: ? - help, Shift-Dir - straight line, f - skeletal warrior
Aim: a skeletal warrior, wielding a +0 scimitar and quivering boomerangs (flame, heavily damaged, chance to affect: 49%)
The skeletal warrior resists with almost no effort.
The skeletal warrior is engulfed in blazing flames.
The skeletal warrior is destroyed!
The skeletal warrior hits you with a +0 scimitar!!
* * * LOW HITPOINT WARNING * * *
You feel better.
The skeletal warrior is engulfed in blazing flames.
The skeletal warrior hits you with a +0 scimitar!!
You die...

.#.##^# #.#####.#...)#.#
##.##.###.# #.#[....##
#.##...#.# #.#......#
#.####.#.# #.#####...#
#.####.#.#####.# §°§#
#............### §.§#
#######.#####.### #§§○#
........####....#####...##
#######.##.....#@○§°.(.(.§
#÷##.#..#..z°§..?..☼
#÷##.#.....§☼§...$.
#.......#######...#
####.##...# #§☼☼# #.######
#☼§§# #.# #°§○# #.#
######...####### ##.##
#..............#


You could see a skeletal warrior.

Vanquished Creatures
  A skeletal warrior (D:9)
  Pikel (D:8)
  A gargoyle (D:7)
  Jeremiah (D:6)
  A troll (D:9)
  A hornet (D:8)
  A shadow (D:9)
  2 steam dragons
  2 water moccasins
  2 orc warriors (D:9)
  3 ice beasts
  A sky beast (D:7)
  2 ogres (D:6)
  2 centaurs
  A lemure (D:8)
  2 bullfrogs
  A gnoll sergeant (D:7)
  3 scorpions
  10 wights
  4 killer bees (D:9)
  3 howler monkeys (D:9)
  5 hounds
  3 jellies
  A bombardier beetle (D:6)
  2 orc priests (D:9)
  3 iguanas
  4 orc wizards
  9 gnolls
  7 adders
  2 shadow imps
  A white imp (D:7)
  3 dart slugs
  17 orcs
  4 endoplasms
  5 giant cockroaches
  12 goblins
  7 hobgoblins
  4 quokkas
  6 ball pythons
  4 bats
  9 frilled lizards
  5 kobolds
  8 rats
166 creatures vanquished.

Vanquished Creatures (others)
  A skeletal warrior (D:9)
1 creature vanquished.

Grand Total: 167 creatures vanquished

Notes
Turn   | Place    | Note
-------+----------+-------------------------------------------
     0 | D:1      | ragingrage the Demigod Brigand began the quest for the Orb.
     0 | D:1      | Reached XP level 1. HP: 17/17 MP: 3/3
    29 | D:1      | Reached skill level 2 in Short Blades
   310 | D:1      | Reached XP level 2. HP: 24/24 MP: 4/4
   480 | D:1      | Reached skill level 3 in Short Blades
   865 | D:2      | Reached XP level 3. HP: 29/29 MP: 5/5
  1077 | D:2      | Reached skill level 1 in Dodging
  1145 | D:2      | Found Ycicaog's Antique Weapon Emporium.
  1256 | D:2      | Reached XP level 4. HP: 34/36 MP: 6/6
  1626 | D:2      | Reached skill level 4 in Short Blades
  2122 | D:3      | Learned a level 2 spell: Ensorcelled Hibernation
  2265 | D:3      | Reached XP level 5. HP: 41/41 MP: 7/7
  2499 | D:3      | Reached skill level 1 in Hexes
  3003 | D:4      | Reached skill level 1 in Ice Magic
  3630 | D:5      | Entered Level 5 of the Dungeon
  3778 | D:5      | Noticed a water moccasin
  3807 | D:5      | Reached skill level 5 in Short Blades
  3807 | D:5      | Reached XP level 6. HP: 48/48 MP: 8/8
  3811 | D:5      | Learned a level 3 spell: Passwall
  3958 | D:5      | Found a staircase to the Ecumenical Temple.
  4828 | D:5      | Killed a water moccasin
  4843 | D:5      | Reached XP level 7. HP: 54/55 MP: 6/9
  4911 | D:6      | Found a runed translucent door.
  4911 | D:6      | Noticed Gryn's ghost (novice MDFi)
  5047 | D:6      | Reached skill level 6 in Short Blades
  5676 | D:6      | Noticed Jeremiah
  5844 | D:6      | Killed Jeremiah
  5845 | D:6      | Reached skill level 7 in Short Blades
  5845 | D:6      | Reached skill level 1 in Spellcasting
  5845 | D:6      | Reached skill level 1 in Earth Magic
  5845 | D:6      | Reached XP level 8. HP: 22/61 MP: 2/12
  5975 | D:6      | Found a runed translucent door.
  6314 | D:7      | Noticed a gargoyle
  6322 | D:7      | Killed a gargoyle
  6448 | D:7      | Reached skill level 8 in Short Blades
  6655 | D:7      | Found a runed translucent gate.
  6655 | D:7      | Found a runed translucent gate.
  6657 | D:7      | Found a runed translucent gate.
  6658 | D:7      | Noticed Oneirical's ghost (novice FeWr)
  7667 | D:8      | Reached XP level 9. HP: 36/65 MP: 13/13
  7891 | D:8      | Reached skill level 9 in Short Blades
  8217 | D:8      | Reached skill level 10 in Short Blades
  8350 | D:8      | Noticed Pikel
  8352 | D:8      | Killed Pikel
  8405 | D:8      | Noticed Maurice
  9032 | D:9      | Reached skill level 5 in Hexes
  9072 | D:9      | Reached skill level 5 in Stealth
  9098 | D:9      | Noticed a skeletal warrior
  9180 | D:9      | Reached XP level 10. HP: 68/78 MP: 7/14
  9552 | D:9      | Learned a level 4 spell: Olgreb's Toxic Radiance
  9651 | D:9      | Noticed a skeletal warrior
  9654 | D:9      | Noticed a skeletal warrior
  9658 | D:9      | Killed a skeletal warrior
  9659 | D:9      | Reached skill level 1 in Alchemy
  9661 | D:9      | Killed a skeletal warrior
  9662 | D:9      | Mangled by a skeletal warrior

Illustrated notes

Levels and vault maps discovered:
D:1:      lightli_iron_boxes, layout_loops_corners
D:2:      layout_loops_ring, serial_shops, shop, st_stairs_13,
          corexii_hall_statues_x, nrook_loot_triangle
D:3:      layout_loops_corners, shapermc_ecumenical_altar_notcrosses
D:4:      layout_basic
D:5:      layout_loops_ring, mainiacjoe_overflow_big_doors, temple_statues
D:6:      layout_basic, ebering_ghost_sewer_f, kennysheep_nondescript,
          minmay_ogre_servants, uniq_jeremiah
D:7:      minmay_the_grid_octo_2x2 [minmay_the_grid_octo_tetromino_candy,
          minmay_the_grid_octo_shrine, minmay_the_grid_octo_toaster,
          minmay_the_grid_octo_prize_ultimate_mussel_roller], layout_loops_ring,
          gammafunk_ghost_nasty_kobolds
D:8:      layout_basic, uniq_pikel, uniq_maurice
D:9:      layout_loops_cross, lemuel_flame_loot_1

Skill      XL: |  1  2  3  4  5  6  7  8  9 10 |
---------------+-------------------------------+-----
Short Blades   | 2 3 4 5 7 8 10 | 10.0
Dodging        | 1 2 3 |  3.5
Fighting       | 2 4 |  4.0
Hexes          | 1 2 3 4 5 |  5.2
Ice Magic      | 1 2 3 4 |  4.0
Spellcasting   | 1 |  1.0
Earth Magic    | 1 3 4 |  4.0
Stealth        | 5 |  5.0
Alchemy        | 1 |  1.3
Throwing       | |  1.7

Action                     |  1- 3 |  4- 6 |  7- 9 | 10-12 || total
---------------------------+-------+-------+-------+-------++-------
  Melee: Dagger            |   100 |   248 |    77 |    14 ||   439
         Short sword       |       |    33 |   235 |       ||   268
  Throw: Dart              |     1 |     5 |     1 |       ||     7
   Cast: Ensorcelled Hiber |       |     1 |    22 |     6 ||    29
         Passwall          |       |     1 |     5 |       ||     6
  Evoke: Wand              |       |       |     3 |     3 ||     6
    Use: Potion            |       |       |       |     3 ||     3
   Stab: Sleeping          |     5 |    16 |    21 |     4 ||    46
         Paralysed         |       |       |     1 |     1 ||     2
 Armour: Robe              |     6 |       |    12 |    14 ||    32
         Ring mail         |    34 |   127 |    80 |       ||   241
         Steam dragon scal |       |       |    17 |     3 ||    20
  Dodge: Dodged            |    40 |   104 |    88 |    12 ||   244
  Block: Other             |       |    31 |    16 |       ||    47
         Reflection        |       |     1 |       |       ||     1

Table legend: (Time is in decaauts)
 A = Elapsed time spent in this place.
 B = Non-inter-level travel time spent in this place.
 C = Inter-level travel time spent in this place.
 D = Time resting spent in this place.
 E = Time spent auto-exploring this place.
 F = Levels seen in this place.
 G = Mean time per level.
                   A        B        C        D        E       F      G
               +--------+--------+--------+--------+--------+-----+--------+
         Total |   9417 |   9004 |    413 |   1617 |   5631 |   9 | 1046.3 |
       Dungeon |   9417 |   9004 |    413 |   1617 |   5631 |   9 | 1046.3 |
               +--------+--------+--------+--------+--------+-----+--------+

Top non-repeatable levels by time:
     D:6: 1333 daAuts
     D:8: 1293 daAuts
     D:7: 1225 daAuts
     D:5: 1138 daAuts
     D:3: 1110 daAuts
     D:4: 886 daAuts
     D:1: 842 daAuts
     D:2: 809 daAuts
     D:9: 778 daAuts
